 Dungeon Sprint DCSS version 0.32-a0-433-g08bcfe7efd (webtiles) character file.

Game seed: 16326689982069090783

2100 rocky1 the Imperceptible (level 9, 0/59 HPs)
             Began as a Kobold Brigand on Feb 23, 2024.
             Was an Initiate of Gozag.
             Slain by a centaur warrior (11 damage)
             ... in the Dungeon (Sprint I: "Red Sonja").
             The game lasted 00:04:38 (554 turns).

rocky1 the Imperceptible (Kobold Brigand)            Turns: 554, Time: 00:04:39

Health: 0/59       AC:  7    Str: 10    XL:     9   Next: 52%
Magic:  9/9        EV: 16    Int: 12    God:    Gozag
Gold:   627        SH:  0    Dex: 19    Spells: 8/8 levels left

rFire   . . .        p - +0 short sword (venom)
rCold   . . .        (no shield)
rNeg    . . .        m - +0 leather armour
rPois   .            (no helmet)
rElec   .            c - +0 cloak
rCorr   .            j - +2 pair of gloves
SInv    .            (no boots)
Will    .....        (no amulet)
Stlth   +++++++++    (no ring)
HPRegen 0.29/turn    (no ring)
MPRegen 0.11/turn

%: no teleportation
@: no status effects
A: small, no large weapons, nightstalker 3
a: Renounce Religion, Potion Petition, Call Merchant, Bribe Branch


You were in the Dungeon.
You worshipped Gozag.
Gozag was pleased with you.
You visited 1 branch You collected 880 gold pieces.
You spent 253 gold pieces at shops.

Inventory:

Hand Weapons
 a - a +2 dagger
 p - a +0 short sword of venom (weapon)
Missiles
 d - 9 poisoned darts
 e - 5 curare-tipped darts (quivered)
 q - 4 atropa-tipped darts
Armour
 c - a +0 cloak (worn)
 j - a +2 pair of gloves (worn)
 m - a +0 leather armour (worn)
 r - the +7 Kryia's mail coat {PotionHeal*2 rC+}
   (You found it in the Dungeon)

   PotionHeal*2: Potions heal its wearer twice as much.
   rC+:       It protects you from cold.
Wands
 l - a wand of polymorph (8)
 o - a wand of flame (15)
Scrolls
 k - 2 scrolls of blinking
 n - a scroll of amnesia {unknown}
 s - a scroll of immolation {unknown}
Potions
 b - a potion of attraction {unknown}
 f - 4 potions of curing
 h - a potion of haste
 i - 2 potions of magic


   Skills:
 * Level 8.1 Fighting
 * Level 9.5 Short Blades
 - Level 2.8 Throwing
 + Level 3.8 Armour
 + Level 4.9 Dodging
 * Level 23.0 Stealth


You had 8 spell levels left.
You didn't know any spells.
Your spell library was empty.

Dungeon Overview and Level Annotations

Branches:
Dungeon (1/1)

Altars:
Cheibriados
Dithmenos
Elyvilon
Fedhas
Gozag
Hepliaklqana
Kikubaaqudgha
Nemelex Xobeh
Okawaru
Qazlal
Ru
Sif Muna
Trog
Uskayaw
Vehumet
Wu Jian
Yredelemnul
Zin
The Shining One

Shops:
D ([[


Innate Abilities, Weirdness & Mutations

You are small and have problems with some larger weapons.
You are completely attuned to the shadows.


Message History

The centaur warrior looks as sick as possible!
The centaur warrior is heavily wounded.
The centaur warrior closely misses you.
The centaur warrior kicks you but does no damage.
Okay, then.
Okay, then.
You hit the centaur warrior.
The centaur warrior looks as sick as possible!
The centaur warrior is heavily wounded.
The centaur warrior hits you.
The centaur warrior kicks you but does no damage.
You hit the centaur warrior.
The centaur warrior is severely wounded.
You hit the centaur warrior but do no damage.
The centaur warrior looks as sick as possible!
The centaur warrior is severely wounded.
The centaur warrior hits you.
The centaur warrior kicks you but does no damage.
You hit the centaur warrior but do no damage.
The centaur warrior is severely wounded.
The centaur warrior completely misses you.
The centaur warrior kicks you.
You hit the centaur warrior but do no damage.
The centaur warrior is severely wounded.
The centaur warrior hits you.
The centaur warrior kicks you but does no damage.
You hit the centaur warrior.
The centaur warrior looks as sick as possible!
The centaur warrior is severely wounded.
The centaur warrior hits you!
* * * LOW HITPOINT WARNING * * *
The centaur warrior kicks you but does no damage.
You completely miss the centaur warrior.
The centaur warrior is severely wounded.
You hit the centaur warrior.
The centaur warrior looks as sick as possible!
The centaur warrior is severely wounded.
The centaur warrior hits you!
You die...
Your body crumbles into a pile of gold.

#############
#.['..#.)'..#
'..#.)'..#..+
#####'#####'# ####
####..#...#.####§§#
#__####..##.#§§§§c#
#_____##'#_.+~§§@§+
#_.∩...'..._#~§~§§#
#_..__##_.#'##'####
#_____###'#)#.(§.###
#########.####'###[##
.......'...'.....'[∩#
++++####...##########
###.### #.#'#.#


You could see a centaur warrior (extremely poisoned).

Vanquished Creatures
  A centaur warrior (D)
  Sonja (D)
  A deep troll (D)
  Sigmund (D)
  A yak (D)
  An ogre (D)
  A jelly (D)
  Ijyb (D)
  A ballistomycete spore (D)
9 creatures vanquished.

Vanquished Creatures (others)
  A ballistomycete spore (D)
1 creature vanquished.

Grand Total: 10 creatures vanquished

Notes
Turn   | Place    | Note
-------+----------+-------------------------------------------
     0 | D        | rocky1 the Kobold Brigand began the quest for the Orb.
     0 | D        | Reached XP level 1. HP: 12/12 MP: 1/1
     3 | D        | Noticed Ijyb
     6 | D        | Killed Ijyb
     7 | D        | Reached skill level 8 in Stealth
     7 | D        | Reached XP level 2. HP: 18/18 MP: 2/2
     7 | D        | Reached XP level 3. HP: 22/22 MP: 3/3
    21 | D        | Noticed an ogre
    24 | D        | Killed an ogre
    25 | D        | Reached skill level 12 in Stealth
    25 | D        | Reached XP level 4. HP: 28/28 MP: 4/4
    25 | D        | Reached XP level 5. HP: 32/32 MP: 5/5
    27 | D        | Noticed Sigmund
    32 | D        | Killed Sigmund
    33 | D        | Reached skill level 5 in Short Blades
    33 | D        | Reached skill level 16 in Stealth
    33 | D        | Reached XP level 6. HP: 39/39 MP: 6/6
    58 | D        | Found an ornate altar of the Wu Jian Council.
    59 | D        | Found a shimmering blue altar of Sif Muna.
    60 | D        | Found a radiant altar of Vehumet.
    67 | D        | Found a hazy altar of Hepliaklqana.
    67 | D        | Found a stormy altar of Qazlal.
    67 | D        | Found a hide-covered altar of Uskayaw.
    67 | D        | Found a blossoming altar of Fedhas.
    67 | D        | Noticed a yak
    68 | D        | Found Epriw's Antique Armour Emporium.
    68 | D        | Found a bloodstained altar of Trog.
    68 | D        | Found an opulent altar of Gozag.
    68 | D        | Found a snail-covered altar of Cheibriados.
    69 | D        | Killed a yak
    70 | D        | Reached skill level 5 in Fighting
    70 | D        | Reached skill level 18 in Stealth
    70 | D        | Reached XP level 7. HP: 44/44 MP: 7/7
    70 | D        | Found an iron altar of Okawaru.
    70 | D        | Found a sparkling altar of Nemelex Xobeh.
    70 | D        | Found a sacrificial altar of Ru.
    70 | D        | Found a glowing silver altar of Zin.
    71 | D        | Found an ancient bone altar of Kikubaaqudgha.
    71 | D        | Found a basalt altar of Yredelemnul.
    71 | D        | Found a glowing golden altar of the Shining One.
    71 | D        | Found a shadowy altar of Dithmenos.
    71 | D        | Found a white marble altar of Elyvilon.
    75 | D        | Became a worshipper of Gozag Ym Sagoz the Greedy
   125 | D        | Noticed Sonja
   129 | D        | Killed Sonja
   130 | D        | Reached skill level 1 in Armour
   130 | D        | Reached skill level 21 in Stealth
   130 | D        | Reached XP level 8. HP: 51/51 MP: 8/8
   152 | D        | Found Daqupunt's Weapon Boutique.
   157 | D        | Bought 4 atropa-tipped darts for 39 gold pieces
   170 | D        | Found the +7 Kryia's mail coat {PotionHeal*2 rC+}
   210 | D        | Noticed a deep troll
   230 | D        | HP: 2/76 [deep troll (3)]
   232 | D        | Killed a deep troll
   233 | D        | Reached skill level 22 in Stealth
   233 | D        | Reached XP level 9. HP: 2/56 MP: 9/9
   240 | D        | Found Sokeurash's Armour Emporium.
   246 | D        | Bought a +2 pair of gloves for 214 gold pieces
   522 | D        | Noticed a centaur warrior
   523 | D        | Noticed a centaur warrior
   526 | D        | Killed a centaur warrior
   527 | D        | Reached skill level 23 in Stealth
   554 | D        | Slain by a centaur warrior

Illustrated notes

Levels and vault maps discovered:
D:        dungeon_sprint_1 [red_sonja_temple_1, red_sonja_temple_small_1]

Skill      XL: |  1  2  3  4  5  6  7  8  9 |
---------------+----------------------------+-----
Short Blades   | 3 4 5 6 7 8 9 |  9.5
Stealth        | 8 12 16 18 21 22 23 | 23.0
Fighting       | 3 4 5 6 8 |  8.1
Dodging        | 2 3 4 |  4.9
Armour         | 1 3 |  3.8
Throwing       | |  2.8

Action                     |  1- 3 |  4- 6 |  7- 9 || total
---------------------------+-------+-------+-------++-------
  Melee: Dagger            |     2 |     3 |     1 ||     6
         Short sword       |       |       |    47 ||    47
    Use: Potion            |       |       |     2 ||     2
   Stab: Sleeping          |     2 |     3 |     3 ||     8
 Armour: Leather armour    |       |       |    49 ||    49
  Dodge: Dodged            |       |       |    33 ||    33

Table legend: (Time is in decaauts)
 A = Elapsed time spent in this place.
 B = Non-inter-level travel time spent in this place.
 C = Inter-level travel time spent in this place.
 D = Time resting spent in this place.
 E = Time spent auto-exploring this place.
 F = Levels seen in this place.
 G = Mean time per level.
                   A        B        C        D        E       F      G
               +--------+--------+--------+--------+--------+-----+--------+
         Total |    546 |    546 |      0 |    250 |      0 |   1 |  546.0 |
       Dungeon |    546 |    546 |      0 |    250 |      0 |   1 |  546.0 |
               +--------+--------+--------+--------+--------+-----+--------+

Top non-repeatable levels by time:
       D: 546 daAuts
